AoeStats
← Lord Laggington

MegaRandom

514833741Analyzed
2v2 RM · 17d ago on Oct 19, 2026· 44m 42s· 4 players
Game mode
Random Map
Map size
Medium (4 player)
Population
200
Speed
Normal
Resources
Standard
Victory
Conquest
Starting age
Dark Age
Ending age
Imperial Age
RankedLock teamsTeams togetherTeam positionsShared explorationLock speedFull tech treeHidden civsTurbo modeCheats
Victory
Defeat
🇬🇧 Romans · United Kingdom
1029
+16
🇱🇺 Mongols · Luxembourg
1023
+16
vs
🇩🇪 Persians · Germany
1035
-16
🇩🇪 Lithuanians · Germany
1024
-16
Badungster
9:48 Feudal Age
10:48 Loom
11:01 Double-Bit Axe
10:58 Horse Collar
12:17 Gold Mining
17:50 Castle Age
18:01 Stone Mining
24:16 Bow Saw
25:17 Town Watch
26:07 Wheelbarrow
25:36 Fletching
26:23 Heavy Plow
28:38 Stone Shaft Mining
29:32 Pikeman
31:41 Ballistics
32:43 Squires
33:42 Gold Shaft Mining
33:27 Arson
35:16 Padded Archer Armor
35:11 Bodkin Arrow
35:28 Forging
35:22 Padded Archer Armor
37:54 Town Patrol
38:01 Guard Tower
40:29 Scale Mail Armor
41:09 Iron Casting
46:40 Imperial Age
Paddy
11:42 Feudal Age
12:48 Double-Bit Axe
15:57 Fishing Lines
20:06 Castle Age
17:53 Town Watch
18:42 Man-at-Arms
19:17 Fletching
22:18 Wheelbarrow
21:57 Loom
22:37 Gillnets
23:34 Gold Mining
23:49 Squires
24:24 Stone Mining
24:58 Horse Collar
25:46 Medium Warships
26:06 Heavy Plow
26:32 Bodkin Arrow
27:42 Bow Saw
27:52 Long Swordsman
28:34 Scale Mail Armor
29:56 Chain Mail Armor
30:53 Ballistics
31:10 Forging
31:36 Hand Cart
34:30 Iron Casting
34:17 Murder Holes
36:13 Padded Archer Armor
37:39 Scale Barding Armor
44:41 Imperial Age
43:09 Town Patrol
44:35 Chain Barding Armor
44:59 Caravan
novusb4
8:48 Loom
11:02 Feudal Age
12:03 Double-Bit Axe
15:08 Horse Collar
15:22 Gold Mining
17:45 Castle Age
15:56 Scale Barding Armor
16:03 Forging
16:35 Fletching
16:50 Fishing Lines
19:51 Chain Barding Armor
23:57 Bloodlines
30:13 Husbandry
32:39 Elite Skirmisher
36:31 Iron Casting
37:32 Wheelbarrow
40:43 Imperial Age
38:31 Hand Cart
42:04 Hill Forts
42:36 Cavalier
Lord Laggington
4:56 Loom
12:11 Feudal Age
17:04 Castle Age
16:34 Wheelbarrow
16:08 Horse Collar
16:59 Double-Bit Axe
18:12 Bow Saw
19:07 Hand Cart
18:37 Town Watch
20:46 Stone Mining
22:12 Town Patrol
22:52 Gold Mining
26:55 Scale Barding Armor
30:03 Ballistics
30:02 Forging
31:26 Fletching
33:07 Masonry
32:52 Murder Holes
37:24 Bodkin Arrow
42:48 Imperial Age
40:45 Chain Barding Armor
41:20 Iron Casting
43:32 Conscription
43:52 Hoardings
43:28 Citadels
45:28 Architecture
45:36 Plate Barding Armor
46:02 Blast Furnace
Connection lost

Rejoining the realm…

Still unreachable

The connection could not be restored.

Session expired

The server has moved on; the page needs a fresh start.